Map: 2000 Atmospheres LE

Players

Reynor - Winner!

  • Race: Zerg Zerg
  • League: Master

MarineLorD

  • Race: Terran Terran
  • League: Master

VOD

Have the link to the VOD?

Description

Time

  • Played on: Oct. 21, 2021, 10:23 a.m.
  • Length: 16:45
Show
View Real Time Build Order
Export as new Build Order

Reynor Zerg - Winner!

Build Orders: Hatch First, Lurkers 

Get SALT Encoding   

  12  0:00  Drone  
  13  0:12  Overlord  
  13  0:16  Drone  
  14  0:30  Drone x2  
  16  0:47  Hatchery  
  15  0:50  Drone  
  15  0:54  Drone  
  17  0:57  Drone  
  18  1:08  Extractor  
  17  1:12  Spawning Pool  
  17  1:15  Drone  
  18  1:18  Drone  
  18  1:27  Drone  
  19  1:39  Drone  
  20  1:49  Overlord  
  20  1:58  Queen  
  20  1:59  Queen, Zergling x4  
  26  2:10  Drone  
  26  2:11  Drone, Metabolic Boost  
  28  2:27  Hatchery  
  26  2:30  Drone  
  26  2:33  Drone  
  26  2:36  Drone  
  29  2:38  Drone  
  30  2:46  Queen  
  32  2:51  Overlord  
  32  2:55  Drone  
  32  2:56  Drone  
  34  2:59  Drone  
  34  3:03  Overlord  
  36  3:05  Drone  
  36  3:10  Drone  
  36  3:11  Drone  
  36  3:12  Drone  
  39  3:18  Queen  
  41  3:22  Overlord  
  41  3:24  Drone  
  41  3:26  Drone  
  43  3:31  Drone  
  44  3:39  Queen  
  46  3:42  Overlord  
  46  3:43  Queen  
  46  3:45  Drone x2  
  46  3:47  Drone  
  51  3:50  Overlord  
  51  3:53  Drone  
  51  3:57  Drone  
  51  4:01  Drone  
  53  4:03  Spore Crawler  
  53  4:04  Zergling x2  
  53  4:05  Zergling x4  
  53  4:08  Spore Crawler  
  53  4:09  Drone x2  
  56  4:10  Drone  
  56  4:12  Drone x2  
  56  4:16  Queen  
  61  4:22  Queen  
  61  4:23  Drone  
  64  4:26  Drone  
  64  4:27  Spore Crawler  
  64  4:29  Queen  
  66  4:32  Drone  
  66  4:35  Zergling x4  
  66  4:36  Zergling x2  
  66  4:38  Overlord  
  70  4:44  Drone x3  
  73  4:47  Overlord  
  73  4:54  Spore Crawler  
  73  4:56  Drone, Overlord  
  73  4:57  Drone x5  
  73  4:59  Drone  
  80  5:00  Drone  
  80  5:02  Drone  
  81  5:07  Drone  
  81  5:11  Drone x2  
  81  5:13  Evolution Chamber  
  83  5:15  Evolution Chamber  
  83  5:18  Lair  
  82  5:21  Drone x2, Extractor  
  82  5:22  Extractor  
  82  5:24  Drone  
  83  5:29  Overlord  
  83  5:35  Drone x2  
  85  5:41  Drone x4, Zerg Ground Armor Level 1  
  89  5:42  Baneling Nest  
  89  5:43  Overlord  
  89  5:44  Hatchery  
  89  5:47  Drone x2  
  89  5:50  Drone x2  
  89  5:52  Extractor  
  89  5:54  Overlord, Extractor  
  89  5:56  Drone x2  
  91  5:57  Zerg Melee Weapons Level 1  
  91  5:59  Extractor  
  88  6:05  Drone  
  88  6:07  Drone x2  
  88  6:08  Drone x2  
  88  6:09  Drone  
  94  6:11  Spore Crawler  
  94  6:13  Queen  
  94  6:16  Zergling x2  
  96  6:20  Zergling x6  
  96  6:21  Drone  
  96  6:22  Drone  
  101  6:26  Zergling x6  
  101  6:28  Centrifugal Hooks  
  101  6:32  Overlord  
  104  6:33  Zergling x6  
  104  6:34  Zergling x2  
  104  6:36  Zergling x2  
  109  6:42  Hydralisk Den, Zergling x2  
  109  6:43  Zergling x4  
  111  6:50  Drone  
  111  6:51  Drone x2  
  114  6:54  Drone x2  
  114  6:55  Baneling x6  
  114  6:58  Drone x4  
  122  7:03  Overlord  
  122  7:05  Zergling x4  
  122  7:07  Drone x2  
  124  7:08  Baneling x3  
  124  7:10  Zergling x4  
  124  7:15  Spore Crawler  
  125  7:17  Drone x3  
  125  7:19  Overlord  
  125  7:21  Hydralisk x4  
  136  7:24  Baneling x7  
  136  7:26  Muscular Augments  
  136  7:30  Overlord  
  136  7:32  Hydralisk  
  136  7:33  Zergling x4  
  132  7:37  Overlord  
  132  7:43  Drone x4  
  127  7:48  Overlord  
  127  7:50  Drone x3, Queen  
  132  7:52  Zerg Ground Armor Level 2, Zerg Melee Weapons Level 2  
  132  7:55  Zergling x6  
  132  7:56  Overlord  
  132  7:57  Hydralisk x2  
  132  7:58  Hydralisk x2  
  143  8:00  Overlord  
  143  8:07  Hydralisk x4  
  148  8:16  Hydralisk  
  148  8:17  Zergling x10  
  148  8:18  Zergling x2  
  153  8:25  Infestation Pit, Zergling x4  
  153  8:26  Baneling x8  
  154  8:28  Zergling x4  
  156  8:35  Zergling x4  
  148  8:42  Zergling x10  
  148  8:44  Zergling x2  
  150  8:49  Zergling x2  
  150  8:50  Hydralisk  
  150  8:51  Zergling x6  
  157  8:55  Zergling x4  
  157  9:00  Baneling x14, Overlord  
  157  9:02  Hatchery  
  157  9:03  Zergling x10  
  157  9:04  Zergling x2  
  157  9:05  Zergling x4  
  157  9:07  Zergling x2  
  164  9:10  Zergling x2  
  164  9:11  Hive  
  164  9:12  Zergling x2  
  164  9:18  Zergling x2  
  164  9:19  Overlord  
  164  9:20  Zergling x6  
  164  9:23  Zergling x4  
  169  9:27  Zergling x2  
  169  9:29  Zergling x2  
  165  9:32  Baneling x13  
  165  9:33  Zergling x2  
  165  9:34  Zergling x2  
  165  9:40  Zergling x10  
  165  9:45  Extractor  
  168  9:46  Queen  
  168  9:47  Zergling x2  
  168  9:48  Zergling x4  
  168  9:50  Zergling x4  
  168  9:51  Baneling, Overlord  
  168  9:52  Baneling x8  
  175  9:54  Zergling x12  
  175  9:57  Zergling x4  
  163  10:06  Hydralisk  
  148  10:07  Zergling x6  
  148  10:10  Hydralisk  
  155  10:14  Hydralisk  
  155  10:15  Zergling x2  
  155  10:17  Zerg Missile Weapons Level 1  
  155  10:18  Hydralisk x2  
  155  10:19  Zergling x4  
  155  10:20  Baneling x13  
  165  10:21  Zergling x8  
  165  10:25  Zergling x6  
  165  10:28  Viper  
  165  10:32  Zergling x6  
  165  10:34  Extractor  
  165  10:37  Zergling x2  
  165  10:40  Drone x4, Queen  
  165  10:41  Drone  
  173  10:44  Baneling x11  
  173  10:46  Drone x4  
  173  10:48  Zergling x10  
  182  10:50  Zergling x4  
  184  10:57  Zergling x12  
  184  10:59  Zerg Ground Armor Level 3  
  184  11:01  Zergling x2  
  184  11:03  Baneling x2  
  191  11:04  Zergling x4  
  191  11:05  Baneling x2, Zergling x2  
  191  11:06  Spine Crawler, Spore Crawler  
  191  11:08  Spine Crawler, Zergling x2  
  191  11:10  Overlord  
  192  11:14  Zergling x6  
  192  11:15  Zergling x4, Lurker Den  
  192  11:18  Zergling x8  
  188  11:19  Zergling x4, Hydralisk  
  188  11:20  Zergling x6  
  186  11:27  Zergling x6  
  186  11:28  Zergling x2  
  186  11:30  Overlord  
  186  11:32  Zergling x6  
  191  11:33  Zergling x2  
  191  11:38  Zergling x6  
  195  11:40  Zergling x2  
  195  11:41  Hydralisk  
  195  11:42  Zergling x4  
  195  11:45  Zergling x4, Hydralisk  
  195  11:46  Zergling x2  
  197  11:49  Zergling x6  
  197  11:51  Overlord  
  198  11:59  Baneling x14  
  198  12:00  Baneling x3  
  194  12:03  Zergling x12  
  194  12:06  Baneling x10  
  193  12:16  Drone x2, Queen  
  193  12:18  Zergling x20  
  193  12:21  Zergling x4  
  199  12:23  Zergling x2  
  199  12:26  Hydralisk  
  199  12:28  Zergling x2  
  200  12:32  Zergling x4  
  200  12:36  Hydralisk x2  
  174  12:37  Zergling x4  
  174  12:40  Hydralisk  
  174  12:41  Zergling x8  
  174  12:43  Hydralisk  
  152  12:46  Hydralisk  
  152  12:47  Zergling x8  
  150  12:52  Lurker x4, Baneling x8  
  150  12:53  Viper, Lurker  
  150  12:54  Zergling x4  
  160  13:02  Lurker x3  
  160  13:05  Zergling x10  
  168  13:07  Hatchery  
  168  13:08  Seismic Spines  
  168  13:11  Zergling x4  
  167  13:16  Zergling x6  
  165  13:22  Viper  
  161  13:32  Zergling x30  
  170  13:38  Lurker  
  170  13:39  Lurker x3  
  172  13:43  Zergling x2  
  172  13:44  Zergling x14  
  172  13:48  Hydralisk  
  180  13:50  Zerg Missile Weapons Level 2  
  180  13:56  Hydralisk x3  
  180  13:57  Zergling x6  
  180  14:00  Hydralisk  
  180  14:01  Zergling x4  
  191  14:04  Zergling x8  
  191  14:07  Zergling x2  
  191  14:09  Zergling x6  
  199  14:20  Adaptive Talons  
  190  14:42  Zergling x2  
  190  14:43  Baneling, Zergling x18  
  190  14:44  Adrenal Glands, Baneling x5  
  189  14:53  Zergling x2, Hydralisk  
  189  14:54  Zergling x18  
  189  14:58  Zergling x10  
  198  15:01  Zergling x4  
  184  15:07  Hydralisk x2  
  184  15:08  Zergling x4  
  170  15:14  Hydralisk  
  170  15:15  Zergling x6  
  170  15:16  Zergling x6  
  170  15:17  Zergling x8  
  183  15:21  Lurker x4  
  183  15:22  Zergling x2  
  183  15:25  Zergling x2  
  188  15:28  Queen  
  188  15:29  Zergling x2  
  188  15:33  Zergling x6  
  188  15:34  Zergling x2  
  192  15:38  Zergling x6  
  192  15:40  Zergling x4  
  184  15:43  Zergling x2  
  184  15:47  Hydralisk x2  
  172  15:57  Hydralisk x2  
  172  15:58  Zergling x22, Hydralisk  
  172  16:03  Lurker x5  
  185  16:04  Zergling x2  
  185  16:05  Zergling x10  
  185  16:06  Zergling x4  
  185  16:09  Hydralisk  
  185  16:10  Zergling x2  
  190  16:14  Zergling x6  
  195  16:18  Lurker x2  
  195  16:20  Zergling x10  
Show
View Real Time Build Order
Export as new Build Order

MarineLorD Terran 

Build Orders: Liberator Opening, Reaper Expand 

Get SALT Encoding   

  12  0:00  SCV  
  13  0:12  SCV  
  14  0:17  Supply Depot  
  14  0:24  SCV  
  15  0:38  SCV  
  15  0:40  Barracks  
  16  0:45  Refinery  
  16  0:50  SCV  
  17  1:03  SCV  
  18  1:15  SCV  
  19  1:28  Orbital Command  
  19  1:29  Reaper  
  20  1:39  Command Center  
  20  1:48  Supply Depot  
  20  1:54  SCV  
  21  2:00  Marine  
  22  2:08  SCV  
  22  2:13  Factory  
  23  2:21  SCV  
  24  2:30  Barracks Reactor  
  24  2:33  SCV  
  25  2:41  Command Center  
  25  2:45  SCV  
  25  2:50  Orbital Command  
  26  2:58  SCV  
  27  3:00  Starport  
  27  3:05  Refinery  
  27  3:12  SCV  
  28  3:16  SCV  
  29  3:20  Hellion x2  
  29  3:24  Marine, SCV  
  35  3:33  SCV  
  36  3:42  Liberator  
  36  3:44  SCV  
  36  3:45  SCV  
  36  3:47  Hellion x2  
  45  3:55  Barracks Tech Lab, Orbital Command  
  45  3:57  SCV x2  
  46  4:09  SCV x2, Hellion x2  
  52  4:17  Supply Depot, Stimpack  
  52  4:18  Supply Depot  
  52  4:21  SCV  
  52  4:22  SCV  
  52  4:23  Marine  
  56  4:24  Orbital Command  
  55  4:33  SCV  
  55  4:34  SCV  
  55  4:35  Starport Reactor  
  57  4:39  Factory Tech Lab  
  57  4:41  Barracks  
  57  4:43  Marine, Barracks  
  58  4:45  SCV  
  58  4:47  SCV  
  60  4:55  Engineering Bay x2, Refinery  
  60  4:57  SCV  
  60  4:58  SCV, Refinery  
  62  5:00  Marine  
  62  5:01  SCV  
  64  5:09  SCV  
  64  5:10  SCV  
  64  5:13  SCV  
  67  5:18  Marine, Siege Tank  
  71  5:21  SCV  
  71  5:22  SCV, Starport Reactor  
  71  5:25  SCV  
  74  5:30  Terran Infantry Weapons Level 1, Terran Infantry Armor Level 1  
  74  5:31  Marine x2  
  74  5:35  SCV x2  
  76  5:36  Barracks  
  76  5:37  Barracks, SCV  
  77  5:47  Supply Depot  
  77  5:49  Marine x3  
  82  5:50  SCV x2  
  82  5:51  Marine  
  82  5:54  Supply Depot  
  83  5:57  Marine, SCV  
  83  5:58  Supply Depot x2  
  83  6:01  Combat Shield  
  85  6:08  Marine, SCV x2  
  85  6:09  Marine x3  
  85  6:11  SCV  
  90  6:12  Medivac  
  90  6:15  Marine  
  90  6:16  Medivac  
  90  6:17  Siege Tank  
  98  6:23  SCV x2  
  98  6:25  SCV  
  101  6:26  Marine  
  101  6:27  Marine  
  101  6:28  Supply Depot  
  101  6:29  Barracks Reactor  
  101  6:31  Marine x2, Barracks Reactor  
  105  6:34  Marine  
  105  6:35  SCV  
  107  6:42  SCV  
  107  6:43  SCV  
  107  6:44  Marine  
  107  6:45  Marine  
  107  6:46  Medivac x2  
  115  6:49  Marine  
  115  6:51  Factory, Supply Depot, Refinery  
  116  6:58  Marine x2  
  116  6:59  Armory  
  118  7:01  Marine  
  118  7:03  Marine  
  118  7:05  Marine x2  
  118  7:06  Marine x2  
  118  7:07  Marine  
  125  7:16  Marine x2  
  125  7:19  Marine  
  125  7:21  Marine  
  129  7:23  Marine x2  
  129  7:24  Marine x2, Command Center  
  133  7:31  Marine  
  133  7:45  Factory Tech Lab  
  133  7:50  Supply Depot  
  133  7:51  Marine x3  
  133  7:53  Marine x4, Medivac x2  
  133  7:54  Supply Depot  
  141  8:01  Terran Infantry Weapons Level 2  
  141  8:02  Terran Vehicle Weapons Level 1  
  141  8:05  Terran Infantry Armor Level 2  
  141  8:11  Marine x8, Siege Tank  
  149  8:15  Marine  
  147  8:21  Supply Depot x2  
  147  8:22  SCV  
  147  8:25  SCV  
  149  8:28  Medivac x2  
  149  8:29  Marine x4  
  149  8:33  Supply Depot  
  149  8:34  Refinery  
  157  8:35  Marine x5, Siege Tank  
  155  8:47  Marine x4  
  154  8:53  Marine x3  
  158  8:55  Ghost Academy  
  158  8:56  Barracks x2, SCV x2  
  158  8:57  Barracks  
  158  8:58  SCV  
  158  9:01  Siege Tank  
  163  9:03  Medivac  
  144  9:11  Marine x3  
  144  9:12  Marine x3  
  144  9:13  Marine  
  144  9:14  Marine  
  144  9:15  Marine  
  150  9:29  Marine x3  
  150  9:30  Marine x4  
  155  9:32  Marine x2  
  155  9:34  SCV  
  155  9:37  Siege Tank  
  161  9:40  Planetary Fortress  
  161  9:41  SCV  
  161  9:44  SCV  
  164  9:46  Barracks Tech Lab  
  164  9:47  Marine, Barracks Tech Lab x2  
  164  9:48  Siege Tank  
  166  9:53  SCV x2  
  150  10:01  Marine x3, Marauder  
  150  10:02  Marine x2  
  150  10:04  Marine  
  150  10:06  Marine x2  
  148  10:07  Marine  
  148  10:08  Marine  
  148  10:10  Siege Tank  
  152  10:19  Marine  
  152  10:20  Siege Tank  
  155  10:22  Command Center  
  155  10:24  Marine  
  156  10:29  Marine  
  156  10:34  Marine x3  
  156  10:36  Marine  
  156  10:37  Liberator  
  156  10:39  SCV x2  
  156  10:42  Siege Tank  
  164  10:47  Terran Infantry Weapons Level 3, Terran Vehicle Weapons Level 2  
  164  10:53  Siege Tank  
  167  11:01  Marauder, Missile Turret  
  167  11:02  Marauder x3  
  175  11:12  Marine x2  
  175  11:14  Marine x2, Siege Tank  
  175  11:15  Marine  
  175  11:16  Marine x2  
  182  11:23  Marine, Marauder x4  
  183  11:29  Siege Tank  
  183  11:30  Marine x2  
  184  11:35  Medivac x2  
  184  11:36  Marine x2  
  184  11:37  Marine x2  
  184  11:38  Marine  
  192  11:41  Marine  
  192  11:44  Marine, Marauder x3  
  197  11:48  Marine x2  
  197  11:53  Siege Tank  
  197  11:54  Marine  
  200  11:55  Marine x3, Command Center  
  200  11:58  Command Center  
  184  12:06  Marine x2  
  186  12:08  Missile Turret  
  186  12:12  Marauder  
  186  12:13  Marine x3  
  190  12:18  Marine x3, Marauder  
  190  12:21  Siege Tank  
  186  12:25  Siege Tank  
  186  12:28  Marine x3, Marauder, Planetary Fortress  
  194  12:34  Marine  
  194  12:35  Marine x3  
  194  12:36  Marine x3  
  167  12:39  Marine  
  144  12:45  Marine x2  
  144  12:46  Marine  
  144  12:47  SCV x2  
  144  12:49  Marine, SCV  
  144  12:51  Concussive Shells  
  144  12:52  Marine x3  
  144  12:53  Marauder, Siege Tank  
  144  12:54  Marine x3  
  144  12:58  Marauder, Siege Tank  
  157  13:03  Marine x3  
  169  13:07  Marine, Medivac  
  169  13:08  Medivac  
  169  13:10  Marine x3  
  169  13:11  Marine x2  
  173  13:15  Marauder  
  173  13:19  Marauder  
  173  13:21  Marine x3  
  173  13:29  Siege Tank  
  173  13:30  Siege Tank, Command Center  
  173  13:32  Terran Vehicle And Ship Armor Level 1  
  173  13:33  Ghost  
  175  13:37  Marine x4  
  175  13:38  Marine x2  
  175  13:39  Marine, Orbital Command x2  
  183  13:43  Medivac x2  
  183  13:47  Marine x3  
  189  13:52  Refinery  
  189  13:53  Refinery  
  189  14:02  Marine, Marauder  
  192  14:03  Marine x2  
  192  14:05  Siege Tank, Orbital Command  
  173  14:10  Marine, Marauder  
  173  14:11  Marine, Marauder  
  173  14:12  Marauder  
  173  14:13  Medivac x2  
  174  14:17  Marine x2  
  174  14:18  Marine  
  174  14:19  Marine  
  174  14:23  Ghost  
  178  14:31  Marine x2, Marauder  
  176  14:33  Marine x3, Marauder  
  176  14:37  Marine x3  
  185  14:39  Siege Tank  
  185  14:40  Siege Tank  
  185  14:41  Marine  
  192  14:50  Marine x2  
  192  14:51  Marine x3, Marauder  
  192  14:52  Marine  
  195  14:54  Marine  
  195  14:56  Marine x2  
  195  14:57  Marine  
  195  14:59  Marine  
  182  15:08  Marine x2  
  182  15:09  Marine x2  
  182  15:10  Marauder  
  182  15:11  Marauder  
  182  15:12  Marine  
  182  15:13  Marauder  
  182  15:14  Marine, Siege Tank x2  
  170  15:17  Marine  
  178  15:25  Missile Turret  
  178  15:29  Marine x2  
  178  15:30  Ghost  
  178  15:31  Marauder  
  178  15:32  Missile Turret, Medivac x2  
  188  15:39  Marine x2  
  188  15:40  Marine  
  188  15:43  Marine  
  188  15:44  Marine x2  
  188  15:45  Marine  
  188  15:46  Marine, Siege Tank  
  188  15:48  Marine x2  
  181  15:53  Marauder  
  171  15:59  Marauder  
  171  16:01  Marine  
  171  16:03  Marauder  
  162  16:06  Medivac x2  
  159  16:14  SCV x4, Refinery  
  159  16:16  Marine x4, Refinery  
  159  16:17  Marauder  
Tags
 
Add a new tag
Caveats
  • Supply blocks, unpowered buildings, or Contaminate may cause inaccurate times.
  • Supply counts are checked every 10 seconds.